 Dungeon Crawl Stone Soup version 0.29.1-1-gd02db6906a (webtiles) character file.

Game seed: 7993663460993642096

10 corgi the Shooter (level 2, 0/18 HPs)
             Began as a Kobold Hunter on Oct 14, 2022.
             Was a Follower of Qazlal.
             Slain by a gnoll
             ... wielding a +0 club
              (2 damage)
             ... on level 1 of the Dungeon.
             The game lasted 00:00:32 (420 turns).

corgi the Shooter (Kobold Hunter)                    Turns: 420, Time: 00:00:33

Health: 0/18       AC:  3    Str:  8    XL:     2   Next: 30%
Magic:  2/2        EV: 14    Int: 10    God:    Qazlal [*.....]
Gold:   42         SH:  1    Dex: 18    Spells: 1/1 levels left

rFire   . . .      SeeInvis .   a - +0 shortbow
rCold   . . .      Faith    .   (shield currently unavailable)
rNeg    . . .      Spirit   .   c - +0 leather armour
rPois   .          Reflect  .   (no helmet)
rElec   .          Harm     .   (no cloak)
rCorr   .          Rampage  .   (no gloves)
Will    .....                   (no boots)
Stlth   +++.......              (no amulet)
HPRegen 0.06/turn               (no ring)
MPRegen 0.08/turn               (no ring)

@: no status effects
A: small, no large weapons, nightstalker 3
a: Renounce Religion


You were on level 1 of the Dungeon.
You worshipped Qazlal.
Qazlal was aware of your devotion.
You visited 1 branch of the dungeon, and saw 1 of its levels.

You collected 42 gold pieces.

Inventory:

Hand Weapons
 a - a +0 shortbow (weapon)
Armour
 c - a +0 leather armour (worn)
Scrolls
 b - a scroll of immolation
 d - a scroll of identify {unknown}
 e - 2 scrolls of enchant weapon {unknown}
 f - 2 scrolls of torment {unknown}


   Skills:
 + Level 2.5 Fighting
 + Level 5.5 Ranged Weapons
 + Level 2.8 Dodging
 - Level 1.3 Stealth


You had one spell level left.
You didn't know any spells.
Your spell library was empty.

Dungeon Overview and Level Annotations

Branches:
Dungeon (1/15)

Altars:
Qazlal


Innate Abilities, Weirdness & Mutations

You are small and have problems with some larger weapons.
You are completely attuned to the shadows.


Message History

A gnoll is nearby!
You shoot an arrow. The arrow hits the gnoll!
The gnoll shouts!
The gnoll is severely wounded.
You hear a shout! x2
You shoot an arrow.
The arrow hits the gnoll but does no damage.
The gnoll is severely wounded.
You shoot an arrow. The arrow closely misses the gnoll.
The gnoll hits you with a +0 club.
You shoot an arrow. The arrow hits the gnoll.
The gnoll is almost dead.
The gnoll hits you with a +0 club.
You shoot an arrow. The arrow closely misses the gnoll.
The gnoll hits you with a +0 club. x2
* * * LOW HITPOINT WARNING * * *
You are too injured to fight recklessly!
You are too injured to fight recklessly!
You are too injured to fight recklessly!
Fire: a) +0 shortbow
Press: ? - help, Q - select action Shift-Dir - straight line, f/p - gnoll
Aim: a gnoll, wielding a +0 club (almost dead, 68% to hit)
You shoot an arrow. The arrow closely misses the gnoll.
You hear a shout!
The gnoll barely misses you.
A goblin comes into view. It is wielding a +0 club.
You hear a shout!
You hear an angry hiss.
Fire: a) +0 shortbow
Press: ? - help, Q - select action Shift-Dir - straight line, f/p - gnoll
Aim: a gnoll, wielding a +0 club (almost dead, 68% to hit)
You shoot an arrow. The arrow barely misses the gnoll.
The gnoll hits you with a +0 club.
* * * LOW HITPOINT WARNING * * *
Fire: a) +0 shortbow
Press: ? - help, Q - select action Shift-Dir - straight line, f/p - gnoll
Aim: a gnoll, wielding a +0 club (almost dead, 68% to hit)
You shoot an arrow. The arrow barely misses the gnoll.
The arrow hits the goblin but does no damage.
The gnoll hits you with a +0 club.
You die...

............
...#.#.#[#..
##...........#
#.....#....#..
#.##.......#....
#.#......#...... #
#.##............
.#!###...#.#.#.#.#.#.
..gg@..#.############
.#.###...# # #####


You could see a gnoll and a goblin.

Vanquished Creatures
  A ball python (D:1)
  An endoplasm (D:1)
  3 giant cockroaches (D:1)
  A goblin (D:1)
  A frilled lizard (D:1)
  2 rats (D:1)
9 creatures vanquished.

Notes
Turn   | Place    | Note
-------+----------+-------------------------------------------
     0 | D:1      | corgi the Kobold Hunter began the quest for the Orb.
     0 | D:1      | Reached XP level 1. HP: 12/12 MP: 1/1
   233 | D:1      | Reached XP level 2. HP: 14/18 MP: 2/2
   314 | D:1      | Found a faded altar of an unknown god.
   320 | D:1      | Prayed at the altar of an unknown god.
   320 | D:1      | Became a worshipper of Qazlal Stormbringer
   320 | D:1      | Reached * piety under Qazlal
   420 | D:1      | Slain by a gnoll

Illustrated notes

Levels and vault maps discovered:
D:1:      co_arrival_square_in_a_square_in_a_square, layout_basic,
          basic_ecumenical_altar, serial_shops, shop, minmay_hexomino_c4

Action                   || total
-------------------------++-------
 Fire: Shortbow          ||    28
Armor: Leather armour    ||     3
Dodge: Dodged            ||     5
